 Dungeon Crawl Stone Soup version 0.19.5 (webtiles) character file.

29650 Gargoyl the Protected (level 13, 0/111 HPs)
             Began as a Ghoul Abyssal Knight on Mar 10, 2017.
             Was a High Priest of Lugonu.
             Slain by a catoblepas (21 damage)
             ... on level 5 of the Lair of Beasts.
             The game lasted 00:40:00 (16679 turns).

Gargoyl the Protected (Ghoul Abyssal Knight)       Turns: 16679, Time: 00:40:01

Health: 0/111      AC: 20    Str: 17    XL:     13   Next: 46%
Magic:  20/20      EV:  9    Int: 11    God:    Lugonu [*****.]
Gold:   802        SH: 12    Dex: 12    Spells: 0 memorised, 12 levels left

rFire  . . .     SeeInvis .     t - +7 mace "Giant's Toothpick" {freeze, rElec rPois Int+4 Stlth-}
rCold  + . .     Gourm    .     K - +0 plate armour
rNeg   + + +     Faith    .     m - +0 shield
rPois  ∞         Spirit   .     E - +0 helmet
rElec  +         Reflect  +     g - +1 cloak
rCorr  .         Harm     .     W - +0 pair of gloves
MR     +....                    (no boots)
Stlth  ..........               z - +3 amulet of reflection
                                u - +4 ring of evasion
                                k - ring of protection from magic

@: rotting
A: rotting body, claws 1, carnivore 3, cold resistance 1, negative energy
resistance 3, slow regeneration 1, torment resistance, unbreathing
a: Depart the Abyss, Bend Space, Banish, Corrupt, Enter the Abyss, Renounce
Religion


You were on level 5 of the Lair of Beasts.
You worshipped Lugonu.
Lugonu was extremely pleased with you.
You were not hungry.

You visited 2 branches of the dungeon, and saw 15 of its levels.
You visited the Abyss 1 time.

You collected 802 gold pieces.

Inventory:

Hand Weapons
 a - a +5 hand axe of flaming
 t - the +7 mace "Giant's Toothpick" (weapon) {freeze, rElec rPois Int+4 Stlth-}
   (You found it on level 4 of the Dungeon)

   It has been specially enchanted to freeze those struck by it, causing extra
   injury to most foes and up to half again as much damage against particularly
   susceptible opponents.
   It can also slow down cold-blooded creatures.
   It affects your intelligence (+4).
   It insulates you from electricity.
   It protects you from poison.
   It makes you less stealthy.
 Q - a +1 trident of freezing
Missiles
 U - 2 javelins (quivered)
Armour
 g - a +1 cloak (worn)
 m - a +0 shield (worn)
 E - a +0 helmet (worn)
 H - the +2 ice dragon scales of Eskeabb {rF- rC++ SInv, unknown}
   (You found it on level 9 of the Dungeon)

   It makes you vulnerable to fire.
   It greatly protects you from cold.
   It lets you see invisible.
 K - a +0 plate armour (worn)
 W - a +0 pair of gloves (worn)
Jewellery
 b - an uncursed ring of flight
 d - an uncursed ring of resist corrosion
 k - a ring of protection from magic (left hand)
 q - an uncursed ring of protection from fire
 u - a +4 ring of evasion (right hand)
 z - a +3 amulet of reflection (around neck)
 Z - an uncursed ring of protection from magic
Wands
 s - a wand of teleportation (5/9)
 B - a wand of digging (22/24)
Scrolls
 n - a scroll of magic mapping
 o - a scroll of fear
 r - 3 scrolls of identify
 y - 2 scrolls of blinking
 M - 2 scrolls of teleportation
 T - 3 scrolls of remove curse
Potions
 e - a potion of haste
 f - a potion of might {unknown}
 l - 4 potions of flight
 v - 3 potions of brilliance
 w - 2 potions of heal wounds
 x - a potion of cancellation
 I - a potion of magic
 R - a potion of invisibility
Comestibles
 c - 8 meat rations
 h - 4 chunks of flesh


   Skills:
 + Level 9.4 Fighting
 + Level 6.4(8.7) Axes
 + Level 9.0(9.9) Maces & Flails
 + Level 0.3 Throwing
 * Level 11.7 Armour
 + Level 4.2 Dodging
 + Level 4.5 Shields
 * Level 11.1 Invocations


You had 12 spell levels left.
You didn't know any spells.

Dungeon Overview and Level Annotations

Branches:
Dungeon (9/15)             Temple (0/1) D:4            Lair (6/6) D:9
 Shoals (0/4) Lair:4        Snake (0/4) Lair:2
  Slime: Lair:5-6       Orc: D:9-12

Altars:
Ashenzari
Dithmenos
Makhleb
Nemelex Xobeh
Qazlal
Ru
Uskayaw
The Shining One

Shops:
D:5 =   D:9 :


Innate Abilities, Weirdness & Mutations

Your body is rotting away.
You thrive on raw meat.
You are immune to poison.
You have sharp fingernails.
You are carnivorous and can eat meat at any time.
Your flesh is cold resistant. (rC+)
You are immune to negative energy. (rN+++)
You regenerate slowly when monsters are visible.
You are immune to unholy pain and torment.
You can survive without breathing.


Message History

Your limbs are stiffening.
You feel much better.
You are engulfed in calcifying dust.
The catoblepas gores you!
You have turned to stone.
The catoblepas gores you but does no damage. x2
The catoblepas breathes a plume of calcifying dust at you.
The blast of calcifying dust hits you!
You are engulfed in calcifying dust.
The catoblepas gores you!
You are engulfed in calcifying dust.
The catoblepas gores you.
You are engulfed in calcifying dust.
The catoblepas gores you.
* * * LOW HITPOINT WARNING * * *
You are engulfed in calcifying dust.
The catoblepas barely misses you.
You are engulfed in calcifying dust.
The catoblepas barely misses you.
You are engulfed in calcifying dust.
The catoblepas gores you!!
* * * LOW HITPOINT WARNING * * *
The catoblepas gores you.
You turn to flesh and can move again.
You hit the catoblepas. You freeze the catoblepas.
The catoblepas is severely wounded.
The catoblepas gores you!!
You die...

###.# ######.P.P# ### ##P...#
#P....# #### #### ##...##
.#.##################..####...###
....#.#.##..P#....#...P.......#..
.................................
................Y................
...#..#.......÷>@..P...###.#..P..
...####............###.##......##
#..####..F..........#######...##
....##......(......#### #...# #
#...###.............#.#####...###
....P#...............#..##.#.....
.........>.<.....................
.................................
.......##......##.##.....#...#..#


You could see a catoblepas and a spiny frog (wandering).

Vanquished Creatures
  2 hydras
  A death yak (Lair:5)
  The ghost of toffzen the Unseen, a novice SpEn of Dithmenos (D:9)
  A deep elf mage (D:8)
  An oklob plant (Lair:3)
  The ghost of BugsBunnySan the Ruffian, a novice TrMo of Xom (D:5)
  5 black mambas
  10 spiny frogs
  A rime drake (Lair:4)
  2 komodo dragons (Lair:4)
  A queen bee (Lair:3)
  6 blink frogs
  6 hippogriffs
  5 wyverns (Lair:3)
  3 spriggans (Lair:1)
  Sigmund (D:3)
  40 yaks
  3 basilisks
  Duvessa (D:6)
  10 porcupines
  19 water moccasins
  3 orc warriors
  A sky beast (D:6)
  3 ice beasts
  4 ogres
  A necrophage (D:5)
  7 wolves
  A phantom (D:6)
  4 centaurs
  7 crocodiles
  9 bullfrogs
  Dowan (D:6)
  A water moccasin skeleton (D:4)
  32 killer bees
  7 wights
  A howler monkey (D:7)
  2 crimson imps (D:8)
  2 quasits
  3 jellies
  10 orc wizards
  3 orc priests
  A bullfrog skeleton (D:5)
  5 hounds
  Crazy Yiuf (D:6)
  2 centaur skeletons
  4 iguanas
  9 worker ants
  A hell rat (Lair:3)
  2 hound skeletons
  4 gnolls (D:4)
  17 adders
  A river rat (Lair:3)
  2 adder skeletons
  An adder zombie (D:3)
  2 worms
  3 leopard geckos
  21 orcs
  2 bats
  5 giant cockroaches
  3 goblins
  3 hobgoblins (D:2)
  5 kobolds
  4 quokkas
  3 ball pythons
  2 frilled lizards
  6 rats
331 creatures vanquished.

Vanquished Creatures (others)
  Nessos (Lair:5)
  An oklob plant (Lair:3)
  6 fungi
  27 plants
35 creatures vanquished.

Grand Total: 366 creatures vanquished

Notes
Turn   | Place    | Note
-------+----------+-------------------------------------------
     0 | Abyss:1  | Gargoyl the Ghoul Abyssal Knight began the quest for the Orb.
     0 | Abyss:1  | Reached XP level 1. HP: 19/19 MP: 1/1
    46 | Abyss:2  | Found a corrupted altar of Lugonu.
    83 | Abyss:2  | Noticed a large abomination
    89 | Abyss:2  | Noticed an insubstantial wisp
    91 | D:1      | Escaped the Abyss
   427 | D:1      | Reached skill level 1 in Dodging
   558 | D:1      | Reached * piety under Lugonu
   746 | D:1      | Reached XP level 2. HP: 25/25 MP: 2/2
  1422 | D:2      | Found a sparkling altar of Nemelex Xobeh.
  1620 | D:2      | Reached XP level 3. HP: 30/33 MP: 3/3
  1830 | D:2      | Found a sacrificial altar of Ru.
  1973 | D:3      | Noticed Sigmund
  1997 | D:3      | Killed Sigmund
  1997 | D:3      | Reached XP level 4. HP: 21/40 MP: 1/5
  1997 | D:3      | Reached XP level 5. HP: 24/46 MP: 1/6
  2284 | D:3      | Found a shattered altar of Ashenzari.
  2298 | D:3      | Found a shadowy altar of Dithmenos.
  2302 | D:3      | Found a hide-covered altar of Uskayaw.
  2873 | D:4      | Reached XP level 6. HP: 51/53 MP: 7/7
  2937 | D:4      | Found a stormy altar of Qazlal.
  3012 | D:5      | Entered Level 5 of the Dungeon
  3801 | D:4      | Found a staircase to the Ecumenical Temple.
  3913 | D:4      | Reached XP level 7. HP: 44/60 MP: 5/8
  3988 | D:4      | Reached ** piety under Lugonu
  4084 | D:4      | Got a crude mace
  4136 | D:4      | Identified the +7 mace "Giant's Toothpick" {freeze, rElec rPois Int+4 Stlth-} (You found it on level 4 of the Dungeon)
  4729 | D:5      | Found a burning altar of Makhleb.
  4745 | D:5      | Found Lyacyin's Jewellery Boutique.
  4813 | D:5      | Reached skill level 5 in Armour
  4997 | D:5      | Reached XP level 8. HP: 67/67 MP: 10/10
  5050 | D:5      | Reached skill level 1 in Maces & Flails
  5051 | D:5      | Noticed BugsBunnySan's ghost (novice TrMo)
  5067 | D:5      | Killed BugsBunnySan's ghost
  5067 | D:5      | Reached skill level 5 in Fighting
  5428 | D:6      | Reached skill level 5 in Invocations
  5658 | D:6      | Found a glowing golden altar of the Shining One.
  5713 | D:6      | Reached XP level 9. HP: 66/74 MP: 11/11
  5737 | D:6      | Noticed Duvessa
  5738 | D:6      | Noticed Dowan
  5748 | D:6      | Killed Duvessa
  5761 | D:6      | Killed Dowan
  5814 | D:6      | Found a runed door.
  6043 | D:6      | Noticed Crazy Yiuf
  6048 | D:6      | Killed Crazy Yiuf
  6495 | D:7      | Reached *** piety under Lugonu
  6547 | D:7      | Got a pair of shimmering boots
  6553 | D:7      | Identified the cursed -4 pair of boots "Zotriv" {+Inv} (You found it on level 7 of the Dungeon)
  7608 | D:8      | Reached XP level 10. HP: 84/84 MP: 13/13
  8127 | D:9      | Reached skill level 5 in Maces & Flails
  8146 | D:9      | Got transparent ice dragon scales
  8263 | D:9      | Noticed toffzen's ghost (novice SpEn)
  8281 | D:9      | Noticed a deep elf mage
  8655 | D:8      | Reached **** piety under Lugonu
  8822 | D:8      | HP: 3/83 [deep elf mage/bolt of magma (19)]
  8823 | D:8      | Killed a deep elf mage
  8988 | D:9      | Killed toffzen's ghost
  9196 | D:9      | Found a staircase to the Lair.
  9307 | D:9      | Found Kamue's Book Shop.
  9419 | Lair:1   | Entered Level 1 of the Lair of Beasts
  9509 | Lair:1   | Reached XP level 11. HP: 57/91 MP: 15/15
 10543 | Lair:1   | Noticed an eight-headed hydra
 10553 | Lair:1   | Killed an eight-headed hydra
 10713 | Lair:2   | Reached skill level 10 in Armour
 10743 | Lair:2   | Reached skill level 1 in Shields
 11166 | Lair:2   | Found a staircase to the Snake Pit.
 11349 | Lair:2   | Reached XP level 12. HP: 73/102 MP: 17/17
 11545 | Lair:2   | Noticed an eight-headed hydra
 11556 | Lair:2   | Killed an eight-headed hydra
 11556 | Lair:2   | Reached skill level 5 in Axes
 13361 | Lair:3   | Reached ***** piety under Lugonu
 14013 | Lair:3   | Reached skill level 10 in Invocations
 14660 | Lair:4   | Reached XP level 13. HP: 77/109 MP: 19/19
 14945 | Lair:4   | Found a staircase to the Shoals.
 16021 | Lair:5   | Noticed Nessos
 16027 | Lair:5   | Killed Nessos
 16401 | Lair:6   | Entered Level 6 of the Lair of Beasts
 16679 | Lair:5   | Slain by a catoblepas

Skill      XL: |  1  2  3  4  5  6  7  8  9 10 11 12 13 |
---------------+----------------------------------------+-----
Dodging        | 1 2 3 4 |  4.2
Armour         | 2 3 4 5 6 7 9 10 11 | 11.7
Axes           | 2 3 4 5 6 |  6.4
Fighting       | 4 5 6 7 8 9 |  9.4
Invocations    | 3 4 5 6 7 9 10 11 | 11.1
Maces & Flails | 2 4 6 7 8 9 |  9.0
Shields        | 2 3 4 |  4.5
Throwing       | |  0.3

Action                   |  1- 3 |  4- 6 |  7- 9 | 10-12 | 13-15 || total
-------------------------+-------+-------+-------+-------+-------++-------
Melee: Hand axe          |    87 |   133 |    34 |    99 |    88 ||   441
       Mace              |       |       |   286 |   823 |   107 ||  1216
Throw: Javelin           |       |     2 |       |     2 |       ||     4
Invok: Depart the Abyss  |     1 |       |       |       |       ||     1
       Bend Space        |       |       |       |     1 |       ||     1
       Banish            |       |       |       |     7 |       ||     7
Evoke: Wand              |       |       |       |     1 |       ||     1
  Use: Scroll            |     9 |     4 |    10 |     6 |     8 ||    37
       Potion            |     3 |     3 |       |     1 |     1 ||     8
  Eat: Chunk             |     3 |    15 |    46 |   154 |    47 ||   265
Armor: Leather armour    |    13 |       |       |       |       ||    13
       Chain mail        |    24 |   132 |   207 |   571 |       ||   934
       Ring mail         |     4 |       |       |       |       ||     4
       Plate armour      |       |       |       |    40 |   140 ||   180
Dodge: Dodged            |    62 |    67 |   216 |   765 |    89 ||  1199
Block: Other             |       |       |     1 |    43 |       ||    44
       Reflection        |       |       |       |     3 |     3 ||     6
       Buckler           |       |       |       |   334 |       ||   334
       Shield            |       |       |       |    52 |   155 ||   207
